 Dungeon Crawl Stone Soup version 0.23-a0-319-gb40ba49 (webtiles) character file.

149382 namelastname112 the Warrior (level 16, -8/135 HPs)
             Began as a Yellow Draconian Wanderer on Oct 14, 2018.
             Was the Champion of Hepliaklqana.
             Shot with an arrow by a deep elf archer (31 damage)
             ... on level 3 of the Elven Halls.
             The game lasted 01:10:59 (33166 turns).

namelastname112 the Warrior (DrWn)                 Turns: 33166, Time: 01:10:59

Health: -8/135     AC: 13    Str: 19    XL:     16   Next: 96%
Magic:  26/26      EV: 25    Int: 15    God:    Hepliaklqana [******]
Gold:   1914       SH:  0    Dex: 16    Spells: 21/21 levels left

rFire    + . .     SeeInvis +   W - +2 Maxwell's thermic engine {flame, freeze}
rCold    + . .     Gourm    .   (no shield)
rNeg     . . .     Faith    +   (armour unavailable)
rPois    .         Spirit   .   (helmet restricted)
rElec    .         Reflect  .   i - scarf {rC+ rF+}
rCorr    +         Harm     .   I - +0 pair of gloves (curse)
MR       +....                  y - +2 pair of boots of the Assassin {Detection Stab+ Stlth++}
Stlth    ++++......             T - amulet of Iklo {Faith rF+ rC- Str+5 SInv}
HPRegen  0.32/turn              H - ring of ice
MPRegen  0.20/turn              M - +3 ring of evasion

@: slowed, very slow
A: spit acid, acid resistance, unfitting armour, reduced essence, acidic bite,
cold-blooded, AC +9
a: Breathe Acid, Recall Ancestor, Ancestor Identity, Transference, Idealise,
Renounce Religion


You were on level 3 of the Elven Halls.
You worshipped Hepliaklqana.
Hepliaklqana was exalted by your worship.
You were hungry.

You visited 5 branches of the dungeon, and saw 27 of its levels.
You visited the Abyss 1 time.
You also visited: Ice Cave.

You collected 2583 gold pieces.
You spent 669 gold pieces at shops.

Inventory:

Hand Weapons
 E - a +4 scimitar of flaming
 J - a +2 demon whip of protection
 W - the +2 Maxwell's thermic engine (weapon) {flame, freeze}
   (You bought it in a shop on level 2 of the Orcish Mines)

   It has been specially enchanted to burn those struck by it, causing extra
   injury to most foes and up to half again as much damage against particularly
   susceptible opponents.
   Big, fiery blades are also staple armaments of hydra-hunters.
Missiles
 e - 2 curare-tipped needles
 G - 3 throwing nets (quivered)
Armour
 i - a scarf of resistance (worn)
 m - a +1 cloak
 y - the +2 pair of boots of the Assassin (worn) {Detection Stab+ Stlth++}
   (You found it in an ice cave)

   It makes you much more stealthy.
 I - a cursed +0 pair of gloves (worn)
Jewellery
 g - an uncursed ring of protection from fire
 s - an uncursed ring of protection from magic
 F - an uncursed amulet of regeneration
 H - a ring of ice (left hand)
 K - an uncursed ring of stealth {unknown}
 M - a +3 ring of evasion (right hand)
 T - the amulet of Iklo (around neck) {Faith rF+ rC- Str+5 SInv}
   (You found it on level 6 of the Lair of Beasts)

   [amulet of faith]

   It allows you to gain divine favour quickly.
   It affects your strength (+5).
   It protects you from fire.
   It makes you vulnerable to cold.
   It lets you see invisible.
Wands
 b - a wand of paralysis (12)
 h - a wand of iceblast (14)
 x - a wand of polymorph (18)
 C - a wand of random effects (20)
 L - a wand of enslavement (15)
 P - a wand of acid (1)
 R - a wand of flame (24)
Scrolls
 c - 3 scrolls of enchant armour
 d - 5 scrolls of remove curse
 o - 3 scrolls of magic mapping
 r - 3 scrolls of teleportation
 t - a scroll of fear
 u - 3 scrolls of immolation
 v - 7 scrolls of identify
 B - 5 scrolls of enchant weapon
 N - 2 scrolls of fog
 O - a scroll of amnesia
Potions
 a - 3 potions of mutation
 j - 3 potions of flight
 k - 2 potions of cancellation
 l - 3 potions of invisibility
 n - 2 potions of magic
 p - 2 potions of resistance
 q - 2 potions of haste
 w - 3 potions of agility
 z - 5 potions of brilliance
 A - 6 potions of might
 D - 2 potions of berserk rage
 Q - 2 potions of ambrosia
 U - 2 potions of curing
Miscellaneous
 S - a lamp of fire
Comestibles
 f - 44 rations


   Skills:
 + Level 16.0 Fighting
 * Level 10.7 Long Blades
 - Level 13.9(14.3) Maces & Flails
   Level 5.4(10.7) Staves
   Level 1.0 Bows
 + Level 13.6 Dodging
 - Level 1.7 Stealth
 - Level 3.0 Spellcasting
   Level 1.0 Charms
   Level 1.0 Ice Magic
 - Level 14.4 Invocations


You had 21 spell levels left.
You didn't know any spells.
Your spell library contained the following spells:

 Spells                   Type           Power        Failure   Level  Hunger
 Apportation              Tloc           #.....       21%         1    #......
 Confusing Touch          Hex            #.....       21%         1    #......
 Flame Tongue             Conj/Fire      #....        21%         1    #......
 Shock                    Conj/Air       #...         21%         1    #......
 Summon Butterflies       Summ           #.......     21%         1    #......
 Summon Small Mammal      Summ           #...         21%         1    #......
 Swiftness                Chrm/Air       #.......     24%         2    ##.....
 Call Imp                 Summ           #.......     30%         2    ##.....
 Call Canine Familiar     Summ           #.......     52%         3    ###....
 Confuse                  Hex            #.......     52%         3    ###....
 Gell's Gravitas          Tloc           #.........   52%         3    ###....
 Ignite Poison            Fire/Tmut/Pois #.......     52%         3    ###....
 Lesser Beckoning         Tloc           #.........   52%         3    ###....
 Static Discharge         Conj/Air       #.......     52%         3    ###....
 Summon Guardian Golem    Hex/Summ       #.......     52%         3    ###....
 Tukima's Dance           Hex            #.......     52%         3    ###....
 Ice Form                 Ice/Tmut       #.......     85%         4    #####..
 Summon Ice Beast         Ice/Summ       #.......     85%         4    #####..
 Airstrike                Air            #.........   89%         4    #####..
 Cause Fear               Hex            #.........   89%         4    #####..
 Petrify                  Tmut/Erth      #.......     89%         4    #####..
 Summon Lightning Spire   Summ/Air       #.......     89%         4    #####..
 Alistair's Intoxication  Tmut/Pois      #.......     99%         5    ######.
 Lightning Bolt           Conj/Air       #.........   99%         5    ######.
 Metabolic Englaciation   Hex/Ice        #.........   99%         5    ######.
 Yara's Violent Unravell  Hex/Tmut       #.........   99%         5    ######.
 Bolt of Cold             Conj/Ice       #.........   100%        6    #######
 Bolt of Fire             Conj/Fire      #.........   100%        6    #######
 Freezing Cloud           Conj/Ice/Air   #.........   100%        6    #######
 Invisibility             Hex            #.......     100%        6    #######
 Ozocubu's Refrigeration  Ice            #.........   100%        6    #######
 Simulacrum               Ice/Necr       #.........   100%        6    #######
 Dragon Form              Tmut           #.........   100%        7    #######
 Dragon's Call            Summ           #.........   100%        9    #######


Dungeon Overview and Level Annotations

Branches:
Dungeon (15/15)            Temple (1/1) D:5            Lair (6/6) D:9
 Shoals (0/4) Lair:2       Spider (0/4) Lair:3        Slime (0/5) Lair:6
    Orc (2/2) D:10            Elf (3/3) Orc:2        Vaults (0/5) D:13
 Depths (0/5) D:15

Altars:
Ashenzari
Cheibriados
Dithmenos
Elyvilon
Fedhas
Gozag
Hepliaklqana
Kikubaaqudgha
Makhleb
Nemelex Xobeh
Okawaru
Qazlal
Ru
Sif Muna
Trog
Uskayaw
Vehumet
Wu Jian
Xom
Yredelemnul
Zin
The Shining One

Shops:
Orc:2 %(([   Elf:1 (*   Elf:2 *

Annotations:
Lair:2 exclusion: 3 oklob plants
Orc:2 3 runed doors, MisterFreud's ghost, adept TrMo
Elf:2 5 runed doors, exclusion: Roxanne, Roxanne


Innate Abilities, Weirdness & Mutations

You can spit globs of acid.
You are resistant to acid.
Your golden yellow scales are hard. (AC +9)
You cannot fit into any form of body armour.
You have acidic saliva.
You are cold-blooded and may be slowed by cold attacks.
Your life essence is reduced to manifest your ancestor. (-10% HP)


Message History

The deep elf archer shoots an arrow.
The arrow hits you!!
* * * LOW HITPOINT WARNING * * *
You take 22 damage, and have 33/135 hp.
The helpless deep elf mage fails to defend itself.
You chop the deep elf mage into pieces!!!
You burn the deep elf mage!
You kill the deep elf mage!
The deep elf archer shoots an arrow.
The arrow closely misses you.
The deep elf archer shoots an arrow.
The arrow completely misses you.
Things that are here:
3 arrows; a dagger of holy wrath The deep elf archer shoots an arrow.
The arrow hits you!
* * * LOW HITPOINT WARNING * * *
You see here an arrow.
You take 13 damage, and have 22/135 hp.
Press: ? - help, Shift-Dir - straight line, f - you
Okay, then.
The deep elf archer shoots an arrow.
The arrow barely misses you.
The deep elf archer shoots an arrow.
The arrow hits you!!
You die...

############################
≈≈≈≈≈≈≈≈≈≈≈≈≈≈≈≈≈≈≈≈≈≈≈≈≈≈≈≈
≈≈≈≈≈≈≈≈≈≈≈≈≈≈≈≈≈≈≈≈≈≈≈≈≈≈≈≈
............................
.....<............).).......
.......)..........).(.......
.............e..@(()(...(...
####+######.####(#####.#####
....# ##.# #'##..##.# ......
#.##.....# .# ........
#+......# + ........#
......# .......# .......+
##......#


You could see a deep elf archer.

Vanquished Creatures
  Gastronok (D:11)
  An orc warlord (Orc:1)
  A frost giant (IceCv)
  2 deep elf elementalists
  A stone giant (Orc:1)
  2 deep elf annihilators (Elf:2)
  A dire elephant (D:15)
  Snorg (Lair:5)
  2 fire dragons
  A deep elf death mage (Elf:2)
  Josephine (Orc:1)
  2 ogre magi (Orc:2)
  A yaktaur captain (D:15)
  Fannar (Orc:1)
  3 vault guards (D:13)
  7 hydras
  A death knight (D:15)
  5 dancing weapons
  A tengu warrior (D:12)
  A centaur warrior (D:13)
  14 two-headed ogres
  An orc high priest (Elf:2)
  A death yak (IceCv)
  A thrashing horror (Abyss:2)
  A hell knight (D:15)
  5 deep elf knights
  2 unseen horrors
  A swamp dragon (Lair:6)
  A wizard (D:15)
  Pikel (D:6)
  An orc knight (D:15)
  A lindwurm (shapeshifter) (Elf:2)
  2 phantasmal warriors (D:15)
  9 ugly things
  5 deep elf archers
  6 cyclopes
  A shining eye (shapeshifter) (Elf:1)
  A manticore (D:13)
  3 orc sorcerers
  33 deep elf magi
  11 elephants
  A salamander (shapeshifter) (Elf:2)
  A salamander (D:15)
  Joseph (D:9)
  An ice statue (IceCv)
  A guardian serpent (shapeshifter) (Elf:1)
  8 centaur zombies
  4 black mambas
  2 merfolk sirens (Lair:2)
  2 gargoyles
  3 centaur skeletons
  6 spiny frogs
  An efreet (D:14)
  9 komodo dragons
  A kobold demonologist (D:14)
  6 rime drakes
  A tengu conjurer (D:13)
  A merfolk (Lair:2)
  9 trolls
  A wind drake (shapeshifter) (Elf:1)
  A blink frog (Lair:2)
  24 polar bears
  2 raiju (Lair:6)
  A hornet (D:9)
  Grinder (D:4)
  3 slime creatures (D:15)
  11 dream sheep
  2 air elementals (Elf:2)
  2 water elementals
  Sigmund (D:4)
  11 hippogriffs
  A redback (Lair:3)
  A spriggan (D:7)
  5 wraiths
  3 wyverns
  39 yaks
  4 basilisks
  2 hungry ghosts
  2 vampire mosquitoes (D:15)
  2 steam dragons (Lair:6)
  Menkaure (D:4)
  6 wargs
  14 hell hounds (Lair:6)
  9 water moccasins
  8 porcupines
  16 black bears
  A hornet zombie (D:15)
  20 orc warriors
  2 ice beasts
  2 eyes of draining
  6 sky beasts
  2 slaves (D:7)
  A necrophage (D:14)
  28 ogres
  2 phantoms
  33 wolves
  10 crocodiles
  A hexer (Orc:2)
  9 centaurs
  4 big kobolds
  11 bullfrogs
  5 earth elementals
  A wyvern zombie (D:6)
  4 scorpions
  A wyvern skeleton (D:12)
  7 killer bees
  5 howler monkeys
  An electric eel (D:14)
  9 crimson imps
  A bullfrog zombie (D:10)
  8 hounds
  A jelly (Lair:6)
  13 orc priests
  Crazy Yiuf (D:2)
  15 orc wizards
  A bullfrog skeleton (D:5)
  Jessica (D:2)
  Natasha (thrice) (D:2)
  5 iguanas
  6 hell rats
  8 worker ants
  A hound zombie (D:6)
  A howler monkey skeleton (D:9)
  9 adders
  7 shadow imps
  2 oozes
  4 worms
  5 dart slugs
  4 leopard geckos
  57 orcs
  7 bats
  6 giant cockroaches
  8 goblins
  7 hobgoblins
  8 jackals
  A quokka (D:6)
  4 frilled lizards
  A jackal skeleton (D:8)
  19 kobolds
  9 rats
  A fungus (D:2)
757 creatures vanquished.

Vanquished Creatures (collateral kills)
  2 ogre magi (Orc:2)
  A vault guard (D:13)
  Harold (D:9)
  Erica (D:9)
  4 two-headed ogres
  3 dancing weapons
  An alligator (Lair:5)
  A death yak (IceCv)
  An unseen horror (D:15)
  2 deep elf archers
  3 ugly things
  5 deep elf magi
  A cyclops (D:13)
  2 elephants (Lair:6)
  2 komodo dragons
  3 spiny frogs
  3 trolls
  2 hippogriffs
  3 dream sheep
  A water elemental (D:14)
  4 yaks
  2 basilisks
  2 shadows
  A wraith (Orc:1)
  A wyvern (Lair:2)
  2 hungry ghosts
  A fire elemental (Elf:1)
  A steam dragon (Lair:6)
  A warg (Orc:1)
  2 porcupines (D:9)
  A hell hound (Lair:6)
  4 orc warriors
  A sky beast (D:5)
  3 wolves (Lair:6)
  7 ogres
  A centaur (D:6)
  2 crocodiles (Lair:6)
  4 bullfrogs
  A scorpion (D:9)
  A killer bee (D:10)
  An orc priest (D:13)
  3 jellies
  2 iguanas
  3 orc wizards
  A worker ant (D:10)
  2 adders
  A shadow imp (D:13)
  A worm (D:8)
  16 orcs
  A jackal (D:6)
  2 kobolds (D:14)
  A fungus (D:9)
118 creatures vanquished.

Vanquished Creatures (others)
  An orc sorcerer (Elf:2)
  An ugly thing (D:14)
  A crocodile (Lair:1)
  A scorpion (D:5)
  A bullfrog zombie (D:7)
  34 hexers
  2 ancestors
  6 orcs
  2 bushes (Lair:6)
  15 fungi
  30 plants
94 creatures vanquished.

Grand Total: 969 creatures vanquished

Notes
Turn   | Place    | Note
-------+----------+-------------------------------------------
     0 | D:1      | namelastname112 the Draconian Wanderer began the quest for
                  | the Orb.
     0 | D:1      | namelastname112 set off with: a +2 dagger, a scroll of
                  | blinking, a +0 shortbow, 19 arrows, a ration
     0 | D:1      | Reached XP level 1. HP: 17/17 MP: 4/4
   147 | D:1      | Reached skill level 1 in Dodging
   147 | D:1      | Reached XP level 2. HP: 19/25 MP: 6/6
   609 | D:2      | Noticed Jessica
   617 | D:2      | Reached skill level 3 in Fighting
   622 | D:2      | Killed Jessica
   622 | D:2      | Reached XP level 3. HP: 11/31 MP: 7/7
  1088 | D:2      | Found a runed door.
  1092 | D:2      | Noticed Crazy Yiuf
  1095 | D:2      | Killed Crazy Yiuf
  1095 | D:2      | Reached XP level 4. HP: 34/40 MP: 8/8
  1116 | D:2      | Reached skill level 4 in Fighting
  1333 | D:2      | Noticed Natasha
  1346 | D:2      | Killed Natasha
  1347 | D:2      | Noticed Natasha
  1356 | D:2      | Killed Natasha
  1356 | D:2      | Reached XP level 5. HP: 11/47 MP: 9/9
  1500 | D:2      | Noticed Natasha
  1665 | D:2      | Killed Natasha
  1975 | D:3      | Noticed a sky beast
  2004 | D:3      | Killed a sky beast
  2004 | D:3      | Reached skill level 5 in Fighting
  2004 | D:3      | Reached XP level 6. HP: 41/56 MP: 10/10
  2357 | D:4      | Noticed Sigmund
  2364 | D:4      | Killed Sigmund
  2364 | D:4      | Reached skill level 6 in Fighting
  2364 | D:4      | Your scales start taking on a golden yellow colour.
  2364 | D:4      | Reached XP level 7. HP: 59/63 MP: 11/11
  2539 | D:4      | Noticed Grinder
  2547 | D:4      | Killed Grinder
  2547 | D:4      | Reached skill level 5 in Dodging
  2577 | D:4      | Noticed Menkaure
  2581 | D:4      | Killed Menkaure
  2581 | D:4      | Reached skill level 7 in Fighting
  2624 | D:4      | Found a stormy altar of Qazlal.
  2628 | D:4      | Found a burning altar of Makhleb.
  2673 | D:5      | Entered Level 5 of the Dungeon
  2731 | D:5      | Reached XP level 8. HP: 46/73 MP: 12/12
  2889 | D:5      | Found a staircase to the Ecumenical Temple.
  3181 | Temple   | Entered the Ecumenical Temple
  3252 | Temple   | namelastname112: ??faded altar
  3252 | Temple   | beem: ecumenical altar[1/2]: Converts you to a random god,
                  | and gives you 20 bonus piety. Won't pick a god that you
                  | cannot worship. Gozag skips the entry fee while Ru
                  | immediately offers a sacrifice.
  3252 | Temple   | namelastname112: ??faded altar [2
  3252 | Temple   | beem: ecumenical altar[2/2]: One milestone for kvaak
                  | (god.ecumenical): Cheibriados
  3326 | Temple   | Became a worshipper of Hepliaklqana the Forgotten
  3424 | D:5      | Reached skill level 1 in Invocations
  3544 | D:5      | Reached skill level 8 in Fighting
  3544 | D:5      | Reached skill level 1 in Staves
  4127 | D:6      | Found a stormy altar of Qazlal.
  4214 | D:6      | Reached * piety under Hepliaklqana
  4315 | D:6      | Reached XP level 9. HP: 55/73 MP: 13/13
  5044 | D:7      | Noticed Pikel
  5075 | D:7      | Reached skill level 9 in Fighting
  5302 | D:6      | Killed Pikel
  5387 | D:7      | Reached skill level 5 in Invocations
  5726 | D:8      | Reached skill level 5 in Staves
  5750 | D:8      | Reached XP level 10. HP: 44/82 MP: 14/14
  6000 | D:8      | Reached ** piety under Hepliaklqana
  6001 | D:8      | Remembered your ancestor epen as a hexer
  6739 | D:8      | Noticed a moth of wrath
  6742 | D:8      | Found a bloodstained altar of Trog.
  6824 | D:8      | Got a bone flail
  6825 | D:8      | Identified the +5 flail of the Red Skies {crush, rC+ rN+
                  | Stlth+} (You found it on level 8 of the Dungeon)
  6972 | D:9      | Reached skill level 10 in Fighting
  6972 | D:9      | Reached skill level 1 in Maces & Flails
  7132 | D:9      | Found a staircase to the Lair.
  7132 | D:9      | Noticed Erica
  7145 | D:9      | Killed Erica
  7178 | D:9      | Noticed Joseph
  7185 | D:9      | Killed Joseph
  7287 | D:9      | Noticed Harold
  7397 | D:9      | Killed Harold
  7517 | D:9      | Found a hide-covered altar of Uskayaw.
  7560 | D:9      | Reached XP level 11. HP: 47/90 MP: 16/16
  8108 | D:10     | Entered Level 10 of the Dungeon
  8239 | D:10     | Reached *** piety under Hepliaklqana
  8328 | D:10     | Found a staircase to the Orcish Mines.
  8692 | D:11     | Noticed a green ugly thing
  8715 | D:11     | Killed a green ugly thing
  8890 | D:11     | Noticed Gastronok
  9053 | D:11     | Reached skill level 11 in Fighting
  9137 | D:11     | Killed Gastronok
  9137 | D:11     | Reached skill level 5 in Long Blades
  9572 | D:11     | epen: https://www.twitch.tv/starling_fly
 10009 | D:12     | Reached **** piety under Hepliaklqana
 10120 | D:12     | Noticed a two-headed ogre
 10130 | D:12     | Killed a two-headed ogre
 10142 | D:12     | Reached XP level 12. HP: 82/99 MP: 18/18
 10555 | D:13     | epen: !tiki_tiki
 10555 | D:13     | Reached skill level 5 in Maces & Flails
 10732 | D:13     | Noticed a centaur warrior
 10748 | D:13     | Killed a centaur warrior
 10849 | D:13     | Reached skill level 10 in Dodging
 10957 | D:13     | Noticed a two-headed ogre
 10969 | D:13     | Killed a two-headed ogre
 10969 | D:13     | Reached skill level 12 in Fighting
 11198 | D:13     | Noticed a vault guard
 11198 | D:13     | Noticed a vault guard
 11198 | D:13     | Noticed a vault guard
 11198 | D:13     | Noticed a vault guard
 11198 | D:13     | Noticed a tengu warrior
 11248 | D:13     | Killed a vault guard
 11269 | D:13     | Killed a vault guard
 11288 | D:13     | Killed a vault guard
 11339 | D:12     | Killed a tengu warrior
 11433 | D:13     | Killed a vault guard
 11433 | D:13     | Reached skill level 10 in Invocations
 11851 | D:13     | Found a gate to the Vaults.
 12024 | D:14     | Reached ***** piety under Hepliaklqana
 12059 | D:14     | Reached XP level 13. HP: 15/107 MP: 10/20
 13033 | D:14     | Identified a scroll of acquirement
 13034 | D:14     | Got a pair of spiked boots
 13045 | D:14     | Identified the +0 pair of boots of the Comet {Str+2 Int+3}
                  | (You acquired it on level 14 of the Dungeon)
 13180 | D:15     | Entered Level 15 of the Dungeon
 13316 | Lair:1   | Entered Level 1 of the Lair of Beasts
 13706 | Lair:1   | Reached skill level 13 in Fighting
 13987 | Lair:1   | Found a sacrificial altar of Ru.
 14532 | Lair:2   | Reached skill level 10 in Maces & Flails
 14856 | Lair:2   | Found a staircase to the Shoals.
 15386 | Lair:3   | Found a hole to the Spider Nest.
 16239 | Lair:4   | Gained mutation: You have acidic saliva. [Yellow Draconian
                  | growth]
 16239 | Lair:4   | Reached XP level 14. HP: 92/116 MP: 22/22
 16265 | Lair:4   | Reached ****** piety under Hepliaklqana
 17109 | Lair:5   | Noticed Snorg
 17131 | Lair:5   | Killed Snorg
 17720 | Lair:6   | Entered Level 6 of the Lair of Beasts
 18748 | Lair:6   | Found a staircase to the Slime Pits.
 18922 | Lair:6   | Reached skill level 14 in Fighting
 19108 | Lair:6   | Noticed Nessos
 19113 | Lair:6   | Noticed Nessos
 19113 | Lair:6   | Nessos changed into Nessos the hippogriff
 19127 | Lair:6   | Killed Nessos the hippogriff
 19768 | Lair:6   | Got a wavering pewter amulet
 19776 | Lair:6   | Identified the amulet of Iklo {Faith rF+ rC- Str+5 SInv}
                  | (You found it on level 6 of the Lair of Beasts)
 21050 | Orc:1    | Entered Level 1 of the Orcish Mines
 21111 | Orc:1    | Noticed a stone giant
 21112 | Orc:1    | Noticed Fannar
 21120 | Orc:1    | Killed a stone giant
 21138 | Orc:1    | Killed Fannar
 21175 | Orc:1    | Noticed Josephine
 21208 | D:10     | Reached XP level 15. HP: 60/125 MP: 24/24
 21452 | Orc:1    | Killed Josephine
 21772 | Orc:2    | Entered Level 2 of the Orcish Mines
 21772 | Orc:2    | Found a frozen archway.
 21794 | IceCv    | Entered an ice cave
 23068 | IceCv    | Noticed a frost giant
 23095 | IceCv    | Killed a frost giant
 23168 | IceCv    | Found the +2 pair of boots of the Assassin {Detection Stab+
                  | Stlth++}
 23360 | Orc:2    | Found a staircase to the Elven Halls.
 23366 | Orc:1    | Noticed an orc warlord
 23972 | Orc:1    | Killed an orc warlord
 25043 | Orc:2    | Reached skill level 15 in Fighting
 25278 | Orc:2    | Found Tomek's Antique Weapon Boutique.
 25278 | Orc:2    | Found Himp's Armour Emporium.
 25279 | Orc:2    | Found Pianiel's Food Shoppe.
 25279 | Orc:2    | Found Aryeve's Weapon Boutique.
 25290 | Orc:2    | Bought the +2 Maxwell's thermic engine {flame, freeze} for
                  | 572 gold pieces
 25290 | Orc:2    | Found the +2 Maxwell's thermic engine {flame, freeze}
 25841 | Orc:2    | Found a runed gate.
 25842 | Orc:2    | Found a runed gate.
 25843 | Orc:2    | Found a runed gate.
 25919 | Orc:2    | Noticed MisterFreud's ghost (adept TrMo)
 25920 | Orc:2    | Found an iron altar of Okawaru.
 25920 | Orc:2    | Noticed an orc warlord
 26939 | D:15     | Reached XP level 16. HP: 83/134 MP: 26/26
 27142 | D:15     | Found a huge runed gate.
 27142 | D:15     | Found a huge runed gate.
 27142 | D:15     | Found a huge runed gate.
 27144 | D:15     | Found a huge runed gate.
 27144 | D:15     | Found a huge runed gate.
 27145 | D:15     | Found a huge runed gate.
 27145 | D:15     | Found a huge runed gate.
 27146 | D:15     | Found a huge runed gate.
 27148 | D:15     | Found a huge runed gate.
 27155 | D:15     | Found a huge runed gate.
 27155 | D:15     | Found a huge runed gate.
 27155 | D:15     | Found a huge runed gate.
 27155 | D:15     | Found a huge runed gate.
 27155 | D:15     | Found a huge runed gate.
 27155 | D:15     | Found a huge runed gate.
 27156 | D:15     | Found a huge runed gate.
 27157 | D:15     | Found a huge runed gate.
 27179 | D:15     | Found a huge runed gate.
 27181 | D:15     | Found a huge runed gate.
 27181 | D:15     | Found a huge runed gate.
 27181 | D:15     | Found a huge runed gate.
 27181 | D:15     | Found a huge runed gate.
 27181 | D:15     | Found a huge runed gate.
 27181 | D:15     | Found a huge runed gate.
 27181 | D:15     | Found a huge runed gate.
 27182 | D:15     | Found a huge runed gate.
 27183 | D:15     | Found a huge runed gate.
 27204 | D:15     | Found a huge runed gate.
 27204 | D:15     | Found a huge runed gate.
 27204 | D:15     | Found a huge runed gate.
 27211 | D:15     | namelastname112: ??door vault
 27211 | D:15     | beem: door vault[1/5]: Run away. Some doors are meant to
                  | stay closed
 27211 | D:15     | namelastname112: ??door vault [2
 27211 | D:15     | beem: door vault[2/5]:
                  | http://s-z.org/neil/git/?p=crawl.git&a=search&h=HEAD&st=gre
                  | p&s=door_vault
 27211 | D:15     | namelastname112: ??door vault [3
 27211 | D:15     | beem: door vault[3/5]: !tv daftfad char=trbe 1
 27211 | D:15     | namelastname112: ??door vault [4
 27211 | D:15     | beem: door vault[4/5]: wow opening that strange structure
                  | made of doors was a bad idea it was made of doors...and
                  | there was death and mayhem inside
 27211 | D:15     | namelastname112: ??door vault [5
 27211 | D:15     | beem: door vault[5/5]: ooooh why did i opened that thing
                  | made of doors
 27265 | D:15     | Found a staircase to the Depths.
 28431 | Elf:1    | Entered Level 1 of the Elven Halls
 28949 | Elf:1    | Found Ymuj's Weapon Emporium.
 28983 | Elf:1    | Found Minubant's General Store.
 28991 | Elf:1    | Bought a scroll of blinking for 97 gold pieces
 29003 | Elf:1    | Cast into level 2 of the Abyss (scimitar of distortion)
 29116 | Elf:1    | Escaped the Abyss
 30009 | Elf:1    | epen: !help namelastname112
 30009 | Elf:1    | beem: I'm a bot that sends commands to the DCSS IRC
                  | knowledge bots. For details, see
                  | https://github.com/gammafunk/beem/blob/master/docs/commands
                  | .md and to have me watch your games on this server, type:
                  | !subscribe
 30009 | Elf:1    | HP: 5/134 [deep elf knight/arrow (15)]
 31243 | Elf:2    | Noticed Roxanne
 31551 | Elf:2    | Reached skill level 10 in Long Blades
 31956 | Elf:2    | Found Qeitymis's Assorted Antiques.
 32915 | Elf:2    | Found a huge runed gate.
 32917 | Elf:2    | Found a huge runed gate.
 32917 | Elf:2    | Found a huge runed gate.
 32918 | Elf:2    | Found a huge runed gate.
 32918 | Elf:2    | Found a huge runed gate.
 33120 | Elf:3    | Entered Level 3 of the Elven Halls
 33124 | Elf:3    | Reached skill level 16 in Fighting
 33166 | Elf:3    | Shot with an arrow by a deep elf archer

Vault maps used:
D:1:      lemuel_arrival_rhombus, chequers_mini_garden, serial_bayou_ford_a
D:2:      uniq_jessica, uniq_crazy_yiuf_cottage, uniq_natasha
D:3:      first_ration
D:4:      minitemple, uniq_sigmund, uniq_grinder, uniq_menkaure
D:5:      minmay_temple_entry_enclosed_plants
D:6:      serial_glass, glass_columns_a, glass_columns_b, glass_columns_a,
          glass_columns_a, glass_columns_b, feat_on_display, grunt_qazlal_clouds
D:7:      the_bakery, uniq_pikel
D:8:      tgw_trog
D:9:      due_lair_maze_entry_diamond, basic_altar, uniq_erica, uniq_harold,
          uniq_joseph
D:10:     orc_0_dummy, minmay_misc_feat_tiny
D:11:     uniq_gastronok
D:12:     nrook_mini_vaults
D:13:     lightli_vaults_fourway_checkpoint
D:14:     minivault_14, minmay_misc_feat_enclosed, kennysheep_generic_room_6
D:15:     hangedman_depths_entry_try_elsewhere_first, chequers_decorated_corner,
          door_vault
Temple:   regret_index_temple_chain_breaker
Lair:1:   basic_altar, st_stairs_10, hangedman_lair_unloving_vines
Lair:2:   dpeg_oklob_gauntlet, elwin_shoals_entry_rooms, st_stairs_11,
          grunt_megastairs_2
Lair:3:   spider_nest_entry_webs
Lair:4:   lemuel_fruit_tree
Lair:5:   serial_bayou_shore_b, uniq_snorg
Lair:6:   hangedman_lair_caniforms_friends, guppyfry_lair_end_dragon,
          nicolae_slime_entry_slimehenge, infiniplex_staircase_pool_2,
          uniq_nessos
Orc:1:    uniq_josephine, uniq_fannar
Orc:2:    st_orc_ogre_mass, gammafunk_ghost_fury_of_okawaru,
          portal_ice_cave_entry_pillars_1
Elf:1:    minmay_elf_arrival_circle, serial_shops, nicolae_shop_crystal,
          shop_statue, evilmike_minifort, st_stairs_1
Elf:2:    serial_shops, nicolae_shop_stone, dk_noncrumbling_2,
          wad_floor_pattern_untrapped, moated_statue, glass_columns_a,
          uniq_roxanne
Elf:3:    nooodl_elf_gasket, serial_shops, shop, nicolae_shop_trees,
          shop_fountains, uniq_nikola
IceCv:    ice_cave_caverns_01

Skill      XL: |  1  2  3  4  5  6  7  8  9 10 11 12 13 14 15 16 |
---------------+-------------------------------------------------+-----
Dodging        | 1 2 3 4 5 6 7 8 9 10 11 12 13 | 13.6
Fighting       | 3 4 5 6 7 8 9 10 11 12 13 14 15 16 | 16.0
Invocations    | 3 5 7 8 10 11 12 13 14 | 14.4
Staves         | 3 5 |  5.4
Maces & Flails | 4 8 10 12 13 | 13.9
Long Blades    | 2 6 7 10 | 10.7
Bows           | |  1.0
Stealth        | |  1.7
Spellcasting   | |  3.0
Charms         | |  1.0
Ice Magic      | |  1.0

Action                   |  1- 3 |  4- 6 |  7- 9 | 10-12 | 13-15 | 16-18 || total
-------------------------+-------+-------+-------+-------+-------+-------++-------
Melee: Dagger            |    93 |       |       |       |       |       ||    93
       Tailslap          |    11 |    11 |    32 |   112 |   422 |    75 ||   663
       Mace              |     1 |       |       |       |       |       ||     1
       Quarterstaff      |       |   124 |   233 |    71 |       |       ||   428
       Flail             |       |       |       |   344 |       |       ||   344
       Scimitar          |       |       |       |     5 |       |       ||     5
       Demon whip        |       |       |       |   287 |  2052 |       ||  2339
       Bite              |       |       |       |       |   234 |    53 ||   287
       Double sword      |       |       |       |       |   102 |   323 ||   425
Invok: Recall Ancestor   |       |       |     1 |       |     1 |     2 ||     4
       Ancestor Identity |       |       |     1 |       |       |     1 ||     2
       Ancestor Life: He |       |       |       |     1 |       |       ||     1
 Abil: Breathe Acid      |       |       |     5 |    18 |    11 |     3 ||    37
Evoke: Wand              |       |       |       |     2 |    11 |     8 ||    21
       Box of beasts     |       |       |       |     1 |       |       ||     1
       Lamp of fire      |       |       |       |       |     1 |     1 ||     2
  Use: Potion            |       |     1 |       |     2 |     3 |     4 ||    10
       Scroll            |       |       |    16 |     5 |    14 |    11 ||    46
 Stab: Sleeping          |     1 |     3 |     5 |     8 |     9 |    14 ||    40
       Petrified         |       |       |     1 |       |       |       ||     1
       Paralysed         |       |       |     6 |       |    24 |     3 ||    33
       Confused          |       |       |     1 |     4 |    20 |     1 ||    26
       Distracted        |       |       |       |     8 |    18 |     3 ||    29
  Eat: Chunk             |       |     5 |     6 |    17 |    26 |    10 ||    64
       Ration            |       |       |     2 |     3 |     7 |     3 ||    15
Armor: Skin              |    16 |    68 |    59 |   110 |   364 |    60 ||   677
Dodge: Dodged            |    47 |   115 |   188 |   602 |  1878 |   290 ||  3120
       Rpst.: Scimitar   |       |       |       |     2 |       |       ||     2
       Double sword      |       |       |       |       |    28 |    74 ||   102

Table legend:
 A = Non-vault XP
 B = Vault XP
 C = Vault XP percentage of total XP
 D = Non-vault monster count
 E = Vault monster count
 F = Vault count percentage of total count
                 A         B        C        D         E       F
            +---------+---------+-------+---------+---------+-------
      Total |  130315 |   83089 |  38.9 |     619 |     256 |  29.3
            +---------+---------+-------+---------+---------+-------
        D:1 |      27 |       0 |   0.0 |      13 |       0 |   0.0
        D:2 |     130 |     114 |  46.7 |      23 |       3 |  11.5
        D:3 |     232 |       0 |   0.0 |      29 |       0 |   0.0
        D:4 |     123 |     650 |  84.1 |       5 |       3 |  37.5
        D:5 |     765 |       0 |   0.0 |      14 |       0 |   0.0
        D:6 |     959 |     629 |  39.6 |      26 |       1 |   3.7
        D:7 |    1096 |     139 |  11.3 |      18 |       1 |   5.3
        D:8 |    1478 |      21 |   1.4 |      40 |       5 |  11.1
        D:9 |    1469 |    3638 |  71.2 |      18 |      15 |  45.5
       D:10 |    1292 |       0 |   0.0 |      30 |       0 |   0.0
       D:11 |    4438 |    2172 |  32.9 |      24 |       1 |   4.0
       D:12 |    3593 |     873 |  19.5 |      28 |       1 |   3.4
       D:13 |    8552 |    4815 |  36.0 |      36 |      11 |  23.4
       D:14 |   10673 |     990 |   8.5 |      31 |       3 |   8.8
       D:15 |   11670 |    7245 |  38.3 |      32 |      10 |  23.8
     Lair:1 |    4925 |     401 |   7.5 |      17 |       3 |  15.0
     Lair:2 |    2859 |    2194 |  43.4 |      11 |       7 |  38.9
     Lair:3 |    2247 |     220 |   8.9 |       9 |       1 |  10.0
     Lair:4 |    3857 |       0 |   0.0 |      11 |       0 |   0.0
     Lair:5 |    5760 |    2132 |  27.0 |      28 |       4 |  12.5
     Lair:6 |   12871 |   14051 |  52.2 |      41 |      74 |  64.3
      Orc:1 |    5921 |    5965 |  50.2 |      32 |      12 |  27.3
      Orc:2 |    2974 |   18343 |  86.0 |      30 |      38 |  55.9
      Elf:1 |   15370 |    2744 |  15.1 |      27 |       5 |  15.6
      Elf:2 |   23148 |     913 |   3.8 |      40 |       1 |   2.4
      Elf:3 |    3069 |       0 |   0.0 |       5 |       0 |   0.0
    Abyss:2 |     817 |       0 |   0.0 |       1 |       0 |   0.0
      IceCv |       0 |   14840 | 100.0 |       0 |      57 | 100.0
            +---------+---------+-------+---------+---------+-------
